 Dungeon Crawl Stone Soup version 0.28.0 (webtiles) character file.

Game seed: 15197825014483336826

1775 hofbold the Bolt Thrower (level 9, -1/57 (69) HPs)
             Began as a Formicid Hunter on Feb 7, 2022.
             Was an Initiate of Hepliaklqana.
             Slain by a vampire mosquito (4 damage)
             ... on level 7 of the Dungeon.
             The game lasted 00:13:12 (8815 turns).

hofbold the Bolt Thrower (Formicid Hunter)          Turns: 8815, Time: 00:13:13

HP:   -1/57 (69)    AC:  6    Str: 16    XL:     9   Next: 28%
MP:   9/9           EV: 14    Int: 20    God:    Hepliaklqana [......]
Gold: 50            SH:  0    Dex: 15    Spells: 8/8 levels left

rFire   . . .      SeeInvis +   b - +1 dagger (drain)
rCold   . . .      Faith    .   (no shield)
rNeg    . . .      Spirit   .   c - +0 steam dragon scales
rPois   .          Reflect  .   (helmet unavailable)
rElec   .          Harm     .   (no cloak)
rCorr   .          Rampage  .   (no gloves)
Will    .....                   (no boots)
Stlth   ++........              f - amulet of the acrobat
HPRegen 0.19/turn               v - +6 ring of intelligence
MPRegen 0.11/turn               (no ring)

@: heavily drained, invisible
A: permanent stasis, dig shafts and tunnels, antennae 3, four strong arms,
clever 1
a: Dig, Shaft Self, Renounce Religion


You were on level 7 of the Dungeon.
You worshipped Hepliaklqana.
Hepliaklqana was noncommittal.
You visited 2 branches of the dungeon, and saw 8 of its levels.

You collected 223 gold pieces.
You spent 173 gold pieces at shops.

Inventory:

Hand Weapons
 a - a +1 vorpal hand crossbow
 b - a +1 dagger of draining (weapon)
Missiles
 d - a bolt
 o - 2 boomerangs (quivered)
Armour
 c - +0 steam dragon scales (worn)
Jewellery
 f - an amulet of the acrobat (around neck)
 v - a +6 ring of intelligence (left hand)
 x - an amulet of magic regeneration
Scrolls
 i - a scroll of amnesia
 n - 4 scrolls of magic mapping
Potions
 e - 2 potions of flight
 j - a potion of mutation
 m - a potion of magic {unknown}
 r - a potion of heal wounds {unknown}
 B - a potion of berserk rage {unknown}


   Skills:
 + Level 6.1 Fighting
 + Level 6.7 Crossbows
 + Level 5.6 Armour
 + Level 5.1 Dodging
 - Level 1.2 Stealth
 + Level 0.0 Invocations
 + Level 3.8 Evocations


You had 8 spell levels left.
You didn't know any spells.
Your spell library contained the following spells:

 Spells                   Type           Power      Damage    Failure   Level
 Foxfire                  Conj/Fire      0%         2x1d4     19%         1


Dungeon Overview and Level Annotations

Branches:
Dungeon (7/15)             Temple (1/1) D:7

Altars:
Ashenzari
Cheibriados
Dithmenos
Elyvilon
Fedhas
Hepliaklqana
Kikubaaqudgha
Makhleb
Nemelex Xobeh
Okawaru
Qazlal
Ru
Sif Muna
Trog
Uskayaw
Vehumet
Wu Jian
Xom
Yredelemnul
Zin
The Shining One

Shops:
D:5 *   D:6 !

Annotations:
D:6 Edmund


Innate Abilities, Weirdness & Mutations

You cannot be hasted, slowed, berserked, paralysed or teleported.
You can dig through walls and to a lower floor.
You have a pair of large antennae on your head. (SInv)
Your four strong arms can wield two-handed weapons with a shield.
Your mind is acute. (Int +2)


Message History

The vampire mosquito bites you!
* * * LOW HITPOINT WARNING * * *
The vampire mosquito draws strength from your injuries!
The vampire mosquito completely misses you. x2
The vampire mosquito completely misses you. x2
The vampire mosquito bites you!
* * * LOW HITPOINT WARNING * * *
The vampire mosquito draws strength from your injuries!
The vampire mosquito misses you. The vampire mosquito bites you!
* * * LOW HITPOINT WARNING * * *
The vampire mosquito draws strength from your injuries!
You feel better.
The vampire mosquito completely misses you.
The vampire mosquito misses you. The vampire mosquito bites you.
* * * LOW HITPOINT WARNING * * *
The vampire mosquito draws strength from your injuries!
The vampire mosquito misses you.
The vampire mosquito completely misses you. x3
The vampire mosquito bites you.
* * * LOW HITPOINT WARNING * * *
The vampire mosquito draws strength from your injuries!
The vampire mosquito completely misses you.
The vampire mosquito bites you.
* * * LOW HITPOINT WARNING * * *
The vampire mosquito draws strength from your injuries!
You extend your mandibles.
You dig through the rock wall.
You feel drained.
You dig through the rock wall.
You feel drained.
You dig through the rock wall.
You feel drained.
You dig through the rock wall.
You feel drained. The vampire mosquito misses you.
You dig through the rock wall.
You feel drained.
The vampire mosquito completely misses you.
It was a potion of mutation.
You feel extremely strange.
You feel clever. The vampire mosquito misses you. x2
It was a potion of invisibility.
You fade into invisibility!
The vampire mosquito bites you.
You die...

##.####โ‰ˆโ‰ˆ.ยงโ‰ˆ#.#.###.......#####
#................##..{....###..
#######....###y...........#y...
#........y{..g.......#....
#.#.....{{##########..#...
#.#.######{# #)..#... # #........{##
##...#... #.....#...##y# #...##...
#.#####...#@## #...##... #...###...###
##...###.# #........# ###...## #.#
#........# ###.....# #.# #........#
##......## #.######## #.....### #.#
##...### #{# #...## #.# #...# ##


You could see a vampire mosquito.

Vanquished Creatures
  Grinder (D:3)
  A basilisk (D:6)
  A steam dragon (D:5)
  2 black bears
  2 necrophages
  An ogre (D:4)
  A bullfrog (D:7)
  2 water moccasin zombies
  A water moccasin skeleton (D:6)
  3 howler monkeys
  A centaur zombie (D:5)
  2 jellies
  An orc priest (D:4)
  4 hounds
  A bullfrog skeleton (D:5)
  2 iguanas
  Robin (D:4)
  5 gnolls
  2 adders
  2 howler monkey skeletons
  A white imp (D:6)
  2 worms
  3 dart slugs
  13 orcs
  8 ball pythons
  3 bats
  6 endoplasms
  7 giant cockroaches
  15 goblins
  8 hobgoblins
  3 jackals (D:3)
  5 kobolds
  A quokka (D:1)
  A frilled lizard (D:2)
  6 rats
118 creatures vanquished.

Vanquished Creatures (collateral kills)
  A giant cockroach (D:3)
1 creature vanquished.

Grand Total: 119 creatures vanquished

Notes
Turn   | Place    | Note
-------+----------+-------------------------------------------
     0 | D:1      | hofbold the Formicid Hunter began the quest for the Orb.
     0 | D:1      | Reached XP level 1. HP: 16/16 MP: 1/1
    96 | D:1      | Reached XP level 2. HP: 23/23 MP: 2/2
   118 | D:1      | Reached skill level 1 in Armour
   320 | D:1      | Reached XP level 3. HP: 16/28 MP: 3/3
   918 | D:2      | Found a sacrificial altar of Ru.
  1083 | D:2      | Reached XP level 4. HP: 34/34 MP: 4/4
  1522 | D:3      | Reached XP level 5. HP: 37/41 MP: 5/5
  1892 | D:3      | Found a faded altar of an unknown god.
  1898 | D:3      | Got Plato's Compendium of Battle Magic
  1930 | D:3      | Noticed Grinder
  1948 | D:3      | Killed Grinder
  1949 | D:3      | Reached skill level 5 in Crossbows
  1949 | D:3      | Reached XP level 6. HP: 13/48 MP: 6/6
  2736 | D:4      | Noticed a necrophage
  2844 | D:4      | Reached XP level 7. HP: 38/54 MP: 7/7
  3201 | D:4      | Noticed Robin
  3241 | D:4      | Killed Robin
  4086 | D:5      | Entered Level 5 of the Dungeon
  4350 | D:4      | Reached XP level 8. HP: 48/61 MP: 8/8
  5174 | D:5      | Reached skill level 1 in Evocations
  5385 | D:5      | Reached skill level 5 in Fighting
  6246 | D:5      | Found Pedghojyt's Assorted Antiques.
  6251 | D:5      | Bought a scroll labelled NUONGY VEOXT for 22 gold pieces
  6251 | D:5      | Bought a scroll labelled LAODGH ICUAMEU for 22 gold pieces
  6251 | D:5      | Bought a glass ring for 110 gold pieces
  6251 | D:5      | Bought a cyan potion for 19 gold pieces
  6282 | D:6      | Found Afeisa's Distillery.
  6286 | D:6      | Noticed a basilisk
  6300 | D:5      | Reached skill level 5 in Armour
  6743 | D:6      | Killed a basilisk
  6744 | D:6      | Reached XP level 9. HP: 50/69 MP: 9/9
  6952 | D:6      | Reached skill level 5 in Dodging
  7382 | D:6      | Noticed Edmund
  8153 | D:7      | Found a staircase to the Ecumenical Temple.
  8162 | Temple   | Entered the Ecumenical Temple
  8339 | Temple   | Became a worshipper of Hepliaklqana the Forgotten
  8805 | D:7      | HP: 2/69 [vampire mosquito (9)]
  8814 | D:7      | Gained mutation: Your mind is acute. (Int +2) [potion of
                  | mutation]
  8815 | D:7      | Slain by a vampire mosquito

Illustrated notes

Levels and vault maps discovered:
D:1:      lemuel_arrival_behind_the_door_small, layout_rooms
D:2:      layout_basic, basic_altar
D:3:      layout_basic, shapermc_ecumenical_altar_rom_forum, uniq_grinder
D:4:      layout_basic, uniq_robin
D:5:      layout_cave_pools, serial_shops, nicolae_shop_hallway_plus
D:6:      layout_basic, serial_shops, nicolae_shop_waterfront,
          patterned_corridor, uniq_menkaure, uniq_edmund
D:7:      layout_basic, minmay_temple_entry_wispy, enter_bailey_3, serial_shops,
          kennysheep_mini_moat, serial_curves, eino_curves_04, eino_curves_04,
          eino_curves_01
Temple:   mainiacjoe_temple_starburst

Skill      XL: |  1  2  3  4  5  6  7  8  9 |
---------------+----------------------------+-----
Dodging        | 2 3 4 5 |  5.1
Armour         | 1 2 3 4 5 |  5.6
Fighting       | 3 4 5 6 |  6.1
Crossbows      | 5 6 |  6.7
Evocations     | 3 |  3.8
Stealth        | |  1.2

Action                   |  1- 3 |  4- 6 |  7- 9 || total
-------------------------+-------+-------+-------++-------
Melee: Dagger            |       |    83 |   411 ||   494
       Punch             |       |       |     5 ||     5
 Fire: Hand crossbow     |    82 |    29 |    22 ||   133
Throw: Dart              |       |     8 |    23 ||    31
       Boomerang         |       |       |    23 ||    23
 Abil: Dig               |       |       |     1 ||     1
Evoke: Wand              |       |       |     3 ||     3
  Use: Scroll            |       |     5 |     8 ||    13
       Potion            |       |       |     4 ||     4
Armor: Leather armour    |     7 |       |       ||     7
       Ring mail         |     2 |    29 |   108 ||   139
       Scale mail        |       |       |    17 ||    17
       Steam dragon scal |       |       |    36 ||    36
Dodge: Dodged            |    13 |    59 |   359 ||   431
